 Dungeon Crawl Stone Soup version 0.30.0-3-ga4e48a9924 (webtiles) character file.

Game seed: 4916694549088303881

3528 voltaire321 the Zephyrmancer (level 10, -3/59 HPs)
             Began as a Tengu Air Elementalist on May 7, 2023.
             Was an Initiate of Gozag.
             Slain by a centaur
             ... wielding a +0 halberd
              (7 damage)
             ... in a bailey.
             The game lasted 00:18:58 (6508 turns).

voltaire321 the Zephyrmancer (TeAE)                 Turns: 6508, Time: 00:18:59

Health: -3/59      AC:  8    Str: 11    XL:     10   Next: 8%
Magic:  16/18      EV: 15    Int: 18    God:    Gozag
Gold:   1026       SH:  0    Dex: 14    Spells: 8/19 levels left

rFire   . . .        a - +3 dagger (venom)
rCold   . . .        (no shield)
rNeg    . . .        g - +0 ring mail
rPois   +            k - +0 hat
rElec   .            C - +0 cloak
rCorr   .            m - +0 pair of gloves
SInv    .            (boots unavailable)
Will    .....        (no amulet)
Stlth   +            c - +4 ring of slaying
HPRegen 0.29/turn    d - ring of poison resistance
MPRegen 0.16/turn

%: no passive effects
@: flying quickly and evasively, very slightly contaminated, quick
A: beak, talons 3, nimble flight
a: Renounce Religion, Potion Petition, Call Merchant, Bribe Branch


You were in a bailey.
You worshipped Gozag.
Gozag was most pleased with you.
You visited 2 branches of the dungeon, and saw 8 of its levels.
You also visited: Bailey.

You collected 1126 gold pieces.
You paid 100 gold pieces to Gozag.

Inventory:

Hand Weapons
 a - a +3 dagger of venom (weapon)
 h - a +0 falchion of draining
 w - a +2 short sword of speed
 E - a +2 triple sword of holy wrath
Armour
 g - a +0 ring mail (worn)
 k - a +0 hat (worn)
 m - a +0 pair of gloves (worn)
 C - a +0 cloak (worn)
Magical Staves
 y - a staff of air
Jewellery
 c - a +4 ring of slaying (left hand)
 d - a ring of poison resistance (right hand)
 B - a ring of willpower
 F - the ring "Kicwokus" {rN+ Int+4 Slay+3}
   (You took it off an orc in a bailey)

   [ring of positive energy]

   Int:       It affects your intelligence (+4).
   Slay:      It affects your accuracy & damage with ranged weapons and melee
   (+3).
   rN:        It protects you from negative energy.
Wands
 x - a wand of flame (19)
 A - a wand of quicksilver (1)
 D - a wand of digging (8)
Scrolls
 i - 6 scrolls of identify {unknown}
 j - a scroll of brand weapon {unknown}
 n - 2 scrolls of teleportation {unknown}
 q - 2 scrolls of immolation {unknown}
 t - 4 scrolls of enchant weapon
 v - a scroll of enchant armour {unknown}
Potions
 b - 3 potions of magic
 e - a potion of curing
 f - 2 potions of brilliance {unknown}
 l - 3 potions of mutation {unknown}
 o - a potion of might {unknown}
 p - a potion of haste {unknown}
 r - 2 potions of lignification
 s - 2 potions of cancellation {unknown}
 u - 3 potions of degeneration {unknown}
 z - 2 potions of heal wounds {unknown}


   Skills:
 + Level 5.0 Fighting
 + Level 5.7 Armour
 + Level 6.3 Dodging
 - Level 2.0 Stealth
 + Level 5.1 Spellcasting
 + Level 7.0 Conjurations
 + Level 8.1 Air Magic
 + Level 5.0 Poison Magic


You had 8 spell levels left.
You knew the following spells:

 Your Spells              Type           Power      Damage    Failure   Level
a - Shock                 Conj/Air       100%       1d9       1%          1
b - Poisonous Vapours     Pois/Air       56%        N/A       3%          2
c - Airstrike             Air            16%        2d(3-19)  11%         4
d - Olgreb's Toxic Radia  Pois           22%        N/A       34%         4

Your spell library contained the following spells:

 Spells                   Type           Power      Damage    Failure   Level
 Static Discharge         Conj/Air       62%        2-5/arc   1%          2
 Swiftness                Air            33%        N/A       3%          3
 Cigotuvi's Dreadful Rot  Necr/Pois/Air  40%        N/A       7%          2
 Sting                    Tmut/Pois      52%        1d5       11%         1
 Momentum Strike          Conj/Tloc      34%        3d8       11%         2
 Blink                    Tloc           8%         N/A       41%         2
 Lesser Beckoning         Tloc           8%         N/A       41%         2
 Gell's Gravitas          Tloc           4%         N/A       65%         3
 Teleport Other           Tloc           4%         N/A       65%         3
 Dispel Undead            Necr           4%         3d7       96%         4
 Death Channel            Necr           2%         N/A       100%        6
 Dispersal                Tloc           2%         N/A       100%        6


Dungeon Overview and Level Annotations

Branches:
Dungeon (8/15)             Temple (1/1) D:4          Bailey (1/1)
   Lair: D:8-11

Altars:
Ashenzari
Cheibriados
Dithmenos
Elyvilon
Fedhas
Gozag
Hepliaklqana
Kikubaaqudgha
Makhleb
Okawaru
Qazlal
Ru
Sif Muna
Trog
Uskayaw
Vehumet
Wu Jian
Xom
Yredelemnul

Shops:
D:5 (*


Innate Abilities, Weirdness & Mutations

You have a beak for a mouth.
You have claws for feet.
Your magical nature lets you fly swiftly and evasively.


Message History

The centaur is moderately wounded.
The zap hits the centaur but does no damage.
The centaur is lightly wounded.
The zap hits the orc warrior but does no damage.
The centaur completely misses you. The centaur closely misses you.
The centaur throws a javelin.
The javelin pierces through you.
The centaur throws a javelin.
The javelin pierces through you.
Aiming: Shock (safe; 1% risk of failure)
Press: ? - help, Q - select action, (/) - cycle Shift-Dir - straight line, f/p - centaur
Aim: a centaur, wielding a +0 spear, wearing a +0 chain mail and quivering javelins (moderately wounded, 91% to hit)
You miscast Shock.
You are very lightly contaminated with residual magic.
Nothing appears to happen.
The centaur throws a javelin.
The javelin pierces through you. The centaur completely misses you.
The centaur barely misses you.
Okay, then.
The centaur hits you with a +0 spear.
The centaur kicks you but does no damage.
The centaur completely misses you.
The orc warrior hits you from afar with a +0 glaive!
* * * LOW HITPOINT WARNING * * *
The centaur barely misses you.
The centaur kicks you but does no damage.
You barely miss the centaur.
The centaur is moderately wounded.
The centaur barely misses you.
The centaur kicks you but does no damage.
The centaur throws a javelin.
The javelin completely misses you. The centaur completely misses you.
The centaur kicks you but does no damage.
The centaur misses you. The centaur completely misses you.
The centaur throws a javelin.
The javelin misses you.
The orc warrior hits you from afar with a +0 glaive.
* * * LOW HITPOINT WARNING * * *
The centaur hits you with a +0 halberd.
* * * LOW HITPOINT WARNING * * *
The centaur barely misses you. The centaur misses you.
The centaur closely misses you. The centaur hits you with a +0 halberd!
You die...
Your body crumbles into a pile of gold.

≈≈≈.........≈≈≈.≈≈≈
..≈≈≈.....≈≈≈..≈≈≈≈
≈≈..≈#...#≈).≈≈≈≈≈≈
≈≈≈≈.#...#)≈≈≈≈≈≈≈≈
≈≈≈≈≈#.o.#≈≈≈≈≈≈≈≈# ≈≈≈≈
#..[#≈≈≈≈≈≈≈##
#########'''#########
##.....co..).........##
##.....@c..............#
##.......c#######⌠.......
#≈....#####.....#####....
#≈...##....≈≈≈≈≈....##...
#≈.).#.⌠.≈≈≈...≈≈≈.⌠.#...
#≈.).#..≈≈..≈.≈..≈≈..#...
#≈.)⌠#.≈≈.≈≈≈)≈≈≈.≈≈.#⌠..
#≈..##)≈.≈≈.))..≈≈.≈)##..
#≈..#.≈≈)≈.≈≈≈≈≈.≈.≈≈.#..


You could see an orc warrior and 3 centaurs.

Vanquished Creatures
  Pikel (D:5)
  Maurice (D:8)
  A hornet (D:8)
  A water moccasin (D:5)
  An ice beast (D:5)
  9 orc warriors (Bailey)
  A black bear (D:5)
  5 centaurs
  2 phantoms (D:5)
  A lemure (D:5)
  2 scorpions (D:5)
  4 killer bees (D:8)
  2 hounds
  A jelly (D:7)
  An orc priest (D:5)
  3 iron imps (D:5)
  A sleepcap (D:5)
  Ijyb (D:5)
  2 iguanas (D:4)
  4 orc wizards
  6 adders
  A white imp (D:5)
  3 worms
  27 orcs
  A bat (D:1)
  7 endoplasms
  2 giant cockroaches (D:2)
  9 goblins
  4 hobgoblins
  6 quokkas
  3 ball pythons
  2 frilled lizards (D:2)
  4 kobolds
  8 rats
127 creatures vanquished.

Notes
Turn   | Place    | Note
-------+----------+-------------------------------------------
     0 | D:1      | voltaire321 the Tengu Air Elementalist began the quest for
                  | the Orb.
     0 | D:1      | Reached XP level 1. HP: 10/10 MP: 4/4
   202 | D:1      | Reached XP level 2. HP: 15/15 MP: 3/6
   343 | D:1      | Learned a level 2 spell: Poisonous Vapours
   608 | D:2      | Reached XP level 3. HP: 17/20 MP: 4/7
   669 | D:2      | Found a faded altar of an unknown god.
   758 | D:2      | Reached skill level 1 in Armour
  1201 | D:2      | Reached skill level 1 in Poison Magic
  1225 | D:2      | Reached skill level 1 in Fighting
  1225 | D:2      | Reached XP level 4. HP: 25/25 MP: 8/8
  1515 | D:3      | Found an iron altar of Okawaru.
  2374 | D:4      | Gained mutation: Your magical nature lets you fly swiftly
                  | and evasively. [Tengu growth]
  2374 | D:4      | Reached XP level 5. HP: 21/29 MP: 4/9
  2575 | D:4      | Found a staircase to the Ecumenical Temple.
  2593 | Temple   | Entered the Ecumenical Temple
  2684 | Temple   | Became a worshipper of Gozag Ym Sagoz the Greedy
  3171 | D:4      | Found a bloodstained altar of Trog.
  3488 | D:5      | Entered Level 5 of the Dungeon
  3492 | D:5      | Noticed an ice beast
  3553 | D:5      | Noticed a water moccasin
  3558 | D:5      | Killed a water moccasin
  3559 | D:5      | Reached XP level 6. HP: 19/35 MP: 11/11
  3691 | D:5      | Reached skill level 5 in Air Magic
  3722 | D:5      | Reached XP level 7. HP: 34/40 MP: 4/12
  3786 | D:5      | Found Jaczuam's Antique Weapon Boutique.
  3820 | D:5      | Learned a level 4 spell: Airstrike
  3825 | D:5      | Learned a level 4 spell: Olgreb's Toxic Radiance
  3857 | D:5      | Found a blossoming altar of Fedhas.
  3897 | D:5      | Noticed Ijyb
  3921 | D:5      | Killed Ijyb
  3991 | D:5      | Found Paowayma's Lightly-Used Armoury.
  4052 | D:5      | Noticed Pikel
  4095 | D:5      | Killed Pikel
  4096 | D:5      | Reached skill level 6 in Air Magic
  4096 | D:5      | Reached XP level 8. HP: 13/46 MP: 6/14
  4349 | D:5      | Found a burning altar of Makhleb.
  4375 | D:5      | Reached skill level 5 in Conjurations
  4554 | D:5      | Reached skill level 5 in Dodging
  4554 | D:5      | You are sucked into a shaft and drop 3 floors!
  4558 | D:8      | Found a hazy altar of Hepliaklqana.
  4563 | D:8      | Found a white marble altar of Elyvilon.
  4680 | D:8      | Noticed a hornet
  4689 | D:8      | Killed a hornet
  4690 | D:8      | Reached XP level 9. HP: 34/52 MP: 9/16
  4896 | D:8      | Reached skill level 7 in Air Magic
  4995 | D:8      | Noticed Maurice
  5023 | D:8      | Killed Maurice
  5247 | D:7      | Found a flagged portal.
  5289 | Bailey   | Entered a bailey
  5475 | Bailey   | Reached skill level 5 in Armour
  6039 | Bailey   | Identified the ring "Kicwokus" {rN+ Int+4 Slay+3}
  6071 | Bailey   | Reached skill level 5 in Spellcasting
  6214 | Bailey   | Reached XP level 10. HP: 55/58 MP: 8/18
  6356 | Bailey   | Reached skill level 8 in Air Magic
  6395 | Bailey   | Reached skill level 5 in Fighting
  6395 | Bailey   | Reached skill level 5 in Poison Magic
  6508 | Bailey   | Slain by a centaur

Illustrated notes

Levels and vault maps discovered:
D:1:      tarquinn_simple_flora_water_f, layout_rooms
D:2:      layout_basic, shapermc_ecumenical_altar_notcrosses
D:3:      layout_basic, lemuel_crystal_altar, nicolae_figureground_sparkle
D:4:      layout_layer_cave, kennysheep_mini_moat, minmay_temple_entry_ruins
D:5:      layout_rooms, fedhas_altar_4, demons_altar, serial_shops,
          nicolae_shop_statue_plus, minmay_misc_feat_rugged,
          minmay_shop_damaged, uniq_pikel, uniq_ijyb
D:7:      layout_loops_ring, tso_altar, enter_bailey_3
D:8:      layout_basic, overflow_temple_1_default, mainiacjoe_overflow_paths,
          uniq_maurice, uniq_erica
Temple:   hellmonk_temple_forest_ring
Bailey:   bailey_polearm_flooded_kennysheep, bailey

Skill      XL: |  1  2  3  4  5  6  7  8  9 10 |
---------------+-------------------------------+-----
Conjurations   | 2 3 4 5 6 7 |  7.0
Armour         | 1 2 3 4 5 |  5.7
Poison Magic   | 1 2 3 4 5 |  5.0
Fighting       | 1 2 3 4 5 |  5.0
Dodging        | 3 4 5 6 |  6.3
Air Magic      | 5 6 7 8 |  8.1
Spellcasting   | 3 4 5 |  5.1
Stealth        | |  2.0

Action                     |  1- 3 |  4- 6 |  7- 9 | 10-12 || total
---------------------------+-------+-------+-------+-------++-------
  Melee: Dagger            |    21 |    50 |    84 |     4 ||   159
         Falchion          |    12 |       |       |       ||    12
         Kick              |     7 |    13 |    25 |     2 ||    47
         Peck              |     1 |    13 |    14 |       ||    28
         Punch             |       |       |     1 |       ||     1
   Cast: Shock             |    24 |    16 |   123 |    13 ||   176
         Poisonous Vapours |       |       |    22 |     9 ||    31
    Use: Potion            |       |       |     3 |       ||     3
   Stab: Sleeping          |     2 |       |       |       ||     2
 Armour: Ring mail         |     8 |     7 |    19 |     7 ||    41
         Skin              |       |       |    18 |       ||    18
  Dodge: Dodged            |    14 |    15 |    48 |    34 ||   111
